 Dungeon Crawl Stone Soup version 0.29.1-13-g9f3cf754e1 (webtiles) character file.

Game seed: 17375610091559946603

167 oldfather the Shield-Bearer (level 5, -1/42 HPs)
             Began as a Formicid Fighter on Jan 30, 2023.
             Was a Believer of Uskayaw.
             Slain by an iguana (4 damage)
             ... on level 3 of the Dungeon on Jan 31, 2023.
             The game lasted 00:12:03 (2498 turns).

oldfather the Shield-Bearer (Formicid Fighter)      Turns: 2498, Time: 00:12:03

Health: -1/42      AC: 10    Str: 23    XL:     5   Next: 76%
Magic:  5/5        EV:  8    Int:  7    God:    Uskayaw [**....]
Gold:   133        SH:  5    Dex: 13    Spells: 4/4 levels left

rFire   + . .      SeeInvis +   a - +0 war axe
rCold   + . .      Faith    .   c - +0 buckler
rNeg    . . .      Spirit   .   m - +0 chain mail
rPois   .          Reflect  .   (helmet unavailable)
rElec   .          Harm     .   q - scarf {rC+ rF+}
rCorr   .          Rampage  .   (no gloves)
Will    .....                   k - +0 pair of boots
Stlth   ..........              (no amulet)
HPRegen 0.14/turn               (no ring)
MPRegen 0.09/turn               (no ring)

@: no status effects
A: permanent stasis, dig shafts and tunnels, antennae 3, four strong arms
a: Dig, Shaft Self, Renounce Religion, Stomp, Line Pass


You were on level 3 of the Dungeon.
You worshipped Uskayaw.
Uskayaw was noncommittal.
You visited 1 branch of the dungeon, and saw 3 of its levels.

You collected 133 gold pieces.

Inventory:

Hand Weapons
 a - a +0 war axe (weapon)
Armour
 c - a +0 buckler (worn)
 k - a +0 pair of boots (worn)
 m - a +0 chain mail (worn)
 q - a scarf of resistance (worn)
Jewellery
 r - a ring of wizardry
Wands
 b - a wand of paralysis (7)
Scrolls
 e - 2 scrolls of identify {unknown}
 g - a scroll of immolation {unknown}
 i - 3 scrolls of teleportation {unknown}
 n - a scroll of summoning {unknown}
 o - a scroll of enchant armour {unknown}
 p - a scroll of amnesia {unknown}
 t - 2 scrolls of blinking {unknown}
Potions
 d - 3 potions of might
 f - a potion of curing {unknown}
 h - 4 potions of degeneration {unknown}
 j - a potion of haste {unknown}
 l - a potion of cancellation {unknown}


   Skills:
 + Level 3.8 Fighting
 + Level 3.4 Axes
 + Level 4.0 Armour
 + Level 1.1 Dodging
 + Level 1.2 Stealth
 + Level 5.0 Shields


You had 4 spell levels left.
You didn't know any spells.
Your spell library contained the following spells:

 Spells                   Type           Power      Damage    Failure   Level
 Necrotise                Necr           0%         1d4       99%         1
 Vampiric Draining        Necr           0%         2d6       100%        3
 Agony                    Necr           0%         N/A       100%        5


Dungeon Overview and Level Annotations

Branches:
Dungeon (3/15)

Altars:
Uskayaw


Innate Abilities, Weirdness & Mutations

You cannot be hasted, slowed, berserked, paralysed or teleported.
You can dig through walls and to a lower floor.
You have a pair of large antennae on your head. (SInv)
Your four strong arms can wield two-handed weapons with a shield.


Message History

There is a stone staircase leading down here.
A kobold comes into view.
It is wielding a +0 short sword and quivering poisoned darts.
The kobold shouts!
The kobold throws a poisoned dart.
The poisoned dart hits you!
You are poisoned.
You feel sick.
An iguana comes into view.
You feel sick.
The kobold throws a poisoned dart.
The poisoned dart closely misses you.
You feel sick. The kobold hits you but does no damage.
You hit the kobold.
You kill the kobold!
You feel sick.
The iguana hisses menacingly.
The iguana barely misses you.
You barely miss the iguana.
You feel sick.
The iguana bites you but does no damage.
You hit the iguana but do no damage.
You feel sick. The iguana bites you!
You hit the iguana but do no damage.
You feel sick.
You are no longer poisoned.
The iguana bites you!
The iguana bites you but does no damage.
You barely miss the iguana. The iguana bites you!
* * * LOW HITPOINT WARNING * * *
You closely miss the iguana. You block the iguana's attack.
You hit the iguana.
The iguana is moderately wounded.
You block the iguana's attack. The iguana bites you.
* * * LOW HITPOINT WARNING * * *
You closely miss the iguana.
The iguana is moderately wounded.
The iguana barely misses you.
You hit the iguana.
The iguana is severely wounded.
The iguana bites you but does no damage.
You can now pass through a line of other dancers.
You hit the iguana.
The iguana is severely wounded.
The iguana bites you.
You die...

### #..
#..
#.##
#.. {
#l# {
#@# #.#
{ #.##
#..#
##.####
#....#
####.##
#..##
##..##


You could see an iguana.

Vanquished Creatures
  A phantom (D:3)
  A jelly (D:3)
  2 adders (D:2)
  A dart slug (D:1)
  An orc (D:3)
  2 ball pythons (D:2)
  7 bats
  4 endoplasms
  4 giant cockroaches
  2 hobgoblins (D:1)
  4 quokkas
  3 frilled lizards (D:3)
  3 goblins
  6 kobolds
  3 rats
44 creatures vanquished.

Notes
Turn   | Place    | Note
-------+----------+-------------------------------------------
     0 | D:1      | oldfather the Formicid Fighter began the quest for the Orb.
     0 | D:1      | Reached XP level 1. HP: 18/18 MP: 1/1
   207 | D:1      | Reached XP level 2. HP: 19/24 MP: 2/2
   400 | D:1      | Found a faded altar of an unknown god.
   514 | D:1      | Prayed at the altar of an unknown god.
   514 | D:1      | Became a worshipper of Uskayaw the Reveller
   514 | D:1      | Reached * piety under Uskayaw
   658 | D:1      | Reached XP level 3. HP: 29/29 MP: 3/3
  1284 | D:2      | Reached ** piety under Uskayaw
  1289 | D:2      | Reached *** piety under Uskayaw
  1572 | D:2      | Reached XP level 4. HP: 35/35 MP: 4/4
  1687 | D:2      | You fall into a shaft and drop 1 floor!
  1716 | D:3      | Reached skill level 1 in Dodging
  1841 | D:3      | Noticed a phantom
  1857 | D:3      | Killed a phantom
  1857 | D:3      | Reached **** piety under Uskayaw
  1858 | D:3      | Reached skill level 1 in Stealth
  1858 | D:3      | Reached skill level 5 in Shields
  1858 | D:3      | Reached XP level 5. HP: 27/42 MP: 5/5
  2498 | D:3      | Slain by an iguana

Illustrated notes

Levels and vault maps discovered:
D:1:      dpeg_arrival_morbid_curiosity, layout_basic,
          chequers_ecumenical_altar_simple
D:2:      layout_loops_ring, reono_crystal_passage, uniq_jessica
D:3:      minmay_wonky_spiral, layout_loops_cross

Skill      XL: |  1  2  3  4 |
---------------+-------------+-----
Dodging        | 1 |  1.1
Axes           | 3 |  3.4
Armour         | 4 |  4.0
Stealth        | 1 |  1.2
Shields        | 5 |  5.0
Fighting       | |  3.8

Action                   |  1- 3 |  4- 6 || total
-------------------------+-------+-------++-------
Melee: War axe           |    74 |    64 ||   138
 Stab: Paralysed         |     1 |     2 ||     3
Armor: Scale mail        |    44 |     2 ||    46
       Chain mail        |       |    35 ||    35
Dodge: Dodged            |    34 |    37 ||    71
Block: Buckler           |    26 |    27 ||    53
